 Dungeon Crawl Stone Soup version 0.21-a0-394-gdc75ea7 (webtiles) character file.

2291 Kavrick the Poker (level 9, -16/71 HPs)
             Began as a Formicid Fighter on Oct 18, 2017.
             Was a Follower of Cheibriados.
             Shot with an arrow by a centaur warrior (27 damage)
             ... on level 8 of the Dungeon.
             The game lasted 00:17:17 (7542 turns).

Kavrick the Poker (Formicid Fighter)                Turns: 7542, Time: 00:17:18

Health: -16/71     AC: 12    Str: 26    XL:     9   Next: 67%
Magic:  7/10       EV:  8    Int: 10    God:    Cheibriados [*.....]
Gold:   452        SH: 11    Dex: 12    Spells: 8/8 levels left

rFire    . . .     SeeInvis +   F - +0 halberd
rCold    . . .     Gourm    .   c - +0 shield
rNeg     . . .     Faith    .   y - +0 chain mail
rPois    .         Spirit   .   (helmet unavailable)
rElec    .         Reflect  .   (no cloak)
rCorr    .         Harm     .   g - +1 pair of gloves
MR       .....                  (no boots)
Stlth    ..........             (no amulet)
HPRegen  0.21/turn              e - ring of see invisible
MPRegen  0.12/turn              q - ring of flight

@: very slow
A: permanent stasis, dig shafts and tunnels, four strong arms, antennae 3
a: Dig, Shaft Self, Bend Time, Renounce Religion, Evoke Flight


You were on level 8 of the Dungeon.
You worshipped Cheibriados.
Cheibriados was aware of your devotion.
You were not hungry.

You visited 2 branches of the dungeon, and saw 9 of its levels.

You collected 452 gold pieces.

Inventory:

Hand Weapons
 a - a +1 trident
 F - a +0 halberd (weapon)
Armour
 c - a +0 shield (worn)
 g - a +1 pair of gloves (worn)
 y - a +0 chain mail (worn)
Jewellery
 e - a ring of see invisible (left hand)
 q - a ring of flight (right hand)
 u - an uncursed ring of see invisible
Wands
 C - a wand of iceblast (10/15)
Scrolls
 k - a scroll of recharging
 p - 5 scrolls of identify
 s - a scroll of remove curse
 v - a scroll of enchant weapon
 x - 3 scrolls of magic mapping
 B - a scroll of teleportation
Potions
 b - 3 potions of magic {unknown}
 d - 4 potions of might
 h - 2 potions of heal wounds
 j - 4 potions of curing
 m - 2 potions of brilliance
 n - 2 potions of ambrosia {unknown}
 r - a potion of agility {unknown}
 t - a potion of cancellation
 w - a potion of flight
 z - a potion of degeneration {unknown}
 A - a potion of mutation {unknown}
 D - a potion of lignification {unknown}
Books
 i - a book of Battle

   Spells                             Type                      Level
   a - Infusion                       Charms                       1
   b - Shroud of Golubria             Charms/Translocation         2
   c - Song of Slaying                Charms                       2
   d - Spectral Weapon                Hexes/Charms                 3
   e - Regeneration                   Charms/Necromancy            3
 H - a book of Frost

   Spells                             Type                      Level
   a - Freeze                         Ice                          1
   b - Throw Frost                    Conjuration/Ice              2
   c - Ozocubu's Armour               Charms/Ice                   3
   d - Throw Icicle                   Conjuration/Ice              4
   e - Summon Ice Beast               Ice/Summoning                4
Comestibles
 f - 4 bread rations
 l - 5 royal jellies
 o - 4 meat rations
 E - 4 fruits
 G - a chunk of flesh


   Skills:
 + Level 6.9 Fighting
 + Level 7.6 Polearms
 + Level 6.9 Armour
 + Level 7.5 Shields
 + Level 2.0 Invocations


You had 8 spell levels left.
You didn't know any spells.

Dungeon Overview and Level Annotations

Branches:
Dungeon (8/15)             Temple (1/1) D:7
   Lair: D:8-11

Altars:
Ashenzari
Cheibriados
Dithmenos
Elyvilon
Fedhas
Hepliaklqana
Kikubaaqudgha
Okawaru
Sif Muna
Trog
Wu Jian
Zin
The Shining One

Shops:
D:4 (*   D:5 =

Annotations:
D:1 1 runed door


Innate Abilities, Weirdness & Mutations

You cannot be hasted, slowed, berserked, paralysed or teleported.
You can dig through walls and to a lower floor.
Your four strong arms can wield two-handed weapons with a shield.
You have a pair of large antennae on your head. (SInv)


Message History

Your chain mail prevents you from hitting the centaur warrior.
The centaur warrior is moderately wounded.
You block the bullfrog's attack. The centaur warrior hits you.
You block the bullfrog's attack. The flow of time bends around you.
Cheibriados rebukes the bullfrog.
The bullfrog seems to slow down.
The centaur warrior resists with some effort.
You feel slightly more hungry. The centaur warrior hits you!
* * * LOW HITPOINT WARNING * * *
You block the centaur warrior's attack. You block the bullfrog's attack.
You block the centaur warrior's attack. The centaur warrior hits you!
* * * LOW HITPOINT WARNING * * *
Found a glowing silver altar of Zin.
You block the centaur warrior's attack. The centaur warrior hits you.
* * * LOW HITPOINT WARNING * * *
You block the bullfrog's attack.
The centaur warrior wields a longbow.
The centaur warrior shoots an arrow.
The arrow hits you!!
You die...

########## .........#
#######cF# .....O#.#
.....⌠#@# _.._..#.#
.....⌠#.## #######..# $$$
#..##### {##......#
#....##.. ##.......#####
#.....#8..8#........#...##
#.........................


You could see a centaur warrior and a bullfrog.

Vanquished Creatures
  A water moccasin (D:7)
  2 ice beasts
  2 phantoms
  2 sky beasts
  A centaur (D:6)
  3 bullfrogs (D:6)
  5 scorpions
  A howler monkey (D:4)
  3 crimson imps
  A bullfrog zombie (D:7)
  3 centaur zombies
  A quasit (D:5)
  A jelly (D:7)
  4 orc priests
  2 centaur skeletons
  4 hounds
  A bullfrog skeleton (D:5)
  3 orc wizards
  8 worker ants
  2 hound skeletons
  A worker ant zombie (D:7)
  4 gnolls (D:3)
  4 adders
  A shadow imp (D:5)
  2 adder skeletons (D:8)
  3 worms
  2 dart slugs
  5 leopard geckos
  12 orcs
  4 bats
  4 giant cockroaches
  6 goblins
  2 hobgoblins (D:3)
  7 jackals
  2 quokkas
  A ball python (D:2)
  3 frilled lizards
  6 kobolds
  A leopard gecko skeleton (D:6)
  A quokka skeleton (D:4)
  6 rats
127 creatures vanquished.

Notes
Turn   | Place    | Note
-------+----------+-------------------------------------------
     0 | D:1      | Kavrick the Formicid Fighter began the quest for the Orb.
     0 | D:1      | Reached XP level 1. HP: 18/18 MP: 1/1
     1 | D:1      | Found a runed door.
   377 | D:1      | Reached XP level 2. HP: 24/24 MP: 2/2
   509 | D:2      | Found a faded altar of an unknown god.
   539 | D:2      | Found an iron altar of Okawaru.
   690 | D:2      | Reached XP level 3. HP: 27/29 MP: 3/3
   711 | D:2      | Found a hazy altar of Hepliaklqana.
   770 | D:2      | You fall through a shaft!
  1421 | D:3      | Reached XP level 4. HP: 35/37 MP: 4/4
  1510 | D:4      | Found Voiz's Weapon Emporium.
  1519 | D:4      | Found Amooquc's Assorted Antiques.
  1793 | D:4      | Reached XP level 5. HP: 42/42 MP: 5/5
  2758 | D:4      | Reached XP level 6. HP: 47/49 MP: 6/6
  3045 | D:4      | Reached skill level 5 in Shields
  3217 | D:5      | Entered Level 5 of the Dungeon
  3365 | D:5      | Reached XP level 7. HP: 55/55 MP: 7/7
  3372 | D:5      | Found Wagyfacu's Jewellery Boutique.
  3484 | D:5      | Reached skill level 5 in Fighting
  3484 | D:5      | Reached skill level 5 in Armour
  4250 | D:5      | Reached skill level 5 in Polearms
  4774 | D:6      | Reached XP level 8. HP: 60/62 MP: 8/8
  5721 | D:6      | Found a white marble altar of Elyvilon.
  5810 | D:7      | Found a staircase to the Ecumenical Temple.
  6109 | Temple   | Entered the Ecumenical Temple
  6139 | Temple   | Became a worshipper of Cheibriados the Contemplative
  6170 | D:7      | Reached XP level 9. HP: 53/69 MP: 9/9
  6608 | D:7      | Reached * piety under Cheibriados
  6644 | D:7      | Found a shadowy altar of Dithmenos.
  6685 | D:7      | Got a smoking ring mail
  6696 | D:7      | Identified the +1 ring mail of Divine Intervention {rElec rF- Str+4 Int+2} (You found it on level 7 of the Dungeon)
  6848 | D:7      | Reached skill level 1 in Invocations
  6857 | D:7      | Got an ancient ring mail
  6868 | D:7      | Identified the cursed +1 ring mail of Midsummer {rN+} (You found it on level 7 of the Dungeon)
  7527 | D:8      | Found an ornate altar of the Wu Jian Council.
  7527 | D:8      | Noticed a centaur warrior
  7537 | D:8      | Noticed a two-headed ogre
  7540 | D:8      | Found a glowing silver altar of Zin.
  7542 | D:8      | Shot with an arrow by a centaur warrior

Vault maps used:
D:1:      dpeg_arrival_caged_fury
D:2:      lemuel_doored_altar, first_bread, chequers_ecumenical_altar_simple,
          okawaru_trees_1
D:3:      minmay_misc_feat_pillars
D:4:      serial_shops, shop, shop
D:5:      serial_shops, shop_statue, serial_bayou_pond_e
D:6:      marbit_many_paths
D:7:      nicolae_dithmenos_shadow_blocks, minmay_temple_entry_statues_fountains
D:8:      hangedman_pestilent_swarm, jmf_multi_god_temple
Temple:   compressed_dpeg_circular_temple

Skill      XL: |  1  2  3  4  5  6  7  8  9 |
---------------+----------------------------+-----
Shields        | 4 5 6 7 |  7.5
Polearms       | 3 4 5 6 7 |  7.6
Fighting       | 4 5 6 |  6.9
Armour         | 4 5 6 |  6.9
Invocations    | 2 |  2.0

Action                   |  1- 3 |  4- 6 |  7- 9 || total
-------------------------+-------+-------+-------++-------
Melee: Trident           |   130 |   147 |   300 ||   577
       Halberd           |       |       |    54 ||    54
Invok: Bend Time         |       |       |     1 ||     1
  Use: Potion            |       |     1 |       ||     1
       Scroll            |       |     9 |     3 ||    12
  Eat: Chunk             |     2 |     6 |     7 ||    15
       Meat ration       |       |       |     1 ||     1
Armor: Scale mail        |    41 |    12 |       ||    53
       Chain mail        |       |    40 |   116 ||   156
       Ring mail         |       |       |     2 ||     2
Dodge: Dodged            |    27 |    37 |    67 ||   131
Block: Shield            |    52 |    74 |   158 ||   284

Table legend:
 A = Spawn XP
 B = Non-spawn XP
 C = Spawn XP percentage of total XP
 D = Spawn monster count
 E = Non-spawn monster count
 F = Spawn count percentage of total count
 G = Total turns spent on level
                    A         B        C        D         E        F      G
               +---------+---------+-------+---------+---------+-------+---------
         Total |       0 |    3274 |   0.0 |       0 |     127 |   0.0 |  7542
               +---------+---------+-------+---------+---------+-------+---------
           D:1 |       0 |      11 |   0.0 |       0 |       5 |   0.0 |   433
           D:2 |       0 |      20 |   0.0 |       0 |      13 |   0.0 |   337
           D:3 |       0 |      95 |   0.0 |       0 |      24 |   0.0 |  1202
           D:4 |       0 |     244 |   0.0 |       0 |      15 |   0.0 |  1290
           D:5 |       0 |     553 |   0.0 |       0 |      20 |   0.0 |  1555
           D:6 |       0 |     988 |   0.0 |       0 |      19 |   0.0 |  1648
           D:7 |       0 |     872 |   0.0 |       0 |      20 |   0.0 |   864
           D:8 |       0 |     491 |   0.0 |       0 |      11 |   0.0 |   173
               +---------+---------+-------+---------+---------+-------+---------
